 Dungeon Crawl Stone Soup version 0.19.3 (webtiles) character file.

372 bosm the Insei (level 6, -2/39 HPs)
             Began as an Octopode Transmuter on Jan 22, 2017.
             Slain by a centaur (4 damage)
             ... on level 5 of the Dungeon.
             The game lasted 00:10:19 (4494 turns).

bosm the Insei (Octopode Transmuter)                Turns: 4494, Time: 00:10:19

Health: -2/39      AC: -3    Str: 10      XL:     6   Next: 71%
Magic:  0/11       EV: 20    Int: 15 (17) God:
Gold:   271        SH:  0    Dex: 15 (17) Spells: 3 memorised, 6 levels left

rFire  . . .     SeeInvis .       - Unarmed
rCold  . . .     Gourm    .     (shield currently unavailable)
rNeg   . . .     Faith    .     (helmet currently unavailable)
rPois  x         Spirit   +     f - amulet of guardian spirit
rElec  .         Reflect  .     v - ring of loudness (curse)
rCorr  .         Harm     .     w - -5 ring of protection (curse)
MR     .....                    (no ring)
Stlth  ..........               (no ring)
                                (no ring)
                                (no ring)
                                (no ring)
                                (no ring)

@: spider-form (expiring)
A: almost no armour, stealthy swim, (amphibious), 8 rings, (constrict 8),
(camouflage 0), (gelatinous body 0)
a: End Transformation


You were on level 5 of the Dungeon.
You were near starving.
You were a venomous arachnid creature.
You visited 1 branch of the dungeon, and saw 5 of its levels.

You collected 271 gold pieces.

Inventory:

Missiles
 a - 46 arrows
Jewellery
 f - an amulet of guardian spirit (around neck)
 v - a cursed ring of loudness (left front leg)
 w - a cursed -5 ring of protection (right front leg)
Wands
 n - a wand of disintegration (16/24)
Scrolls
 h - 2 scrolls of magic mapping
 i - 3 scrolls of identify
 j - 2 scrolls of teleportation
Potions
 d - 2 potions of berserk rage
 e - 2 potions of curing
Books
 b - a book of Changes

   Spells                             Type                      Level
   a - Beastly Appendage              Transmutation                1
   b - Sticks to Snakes               Transmutation                2
   c - Spider Form                    Transmutation/Poison         3
   d - Ice Form                       Ice/Transmutation            4
   e - Blade Hands                    Transmutation                5
Comestibles
 c - 3 bread rations
 l - 2 beef jerkies
 q - a slice of pizza
 s - a royal jelly


   Skills:
 + Level 2.2 Fighting
 + Level 2.4 Dodging
 * Level 4.5 Unarmed Combat
 * Level 3.9 Spellcasting
 * Level 3.7 Transmutations


You had 6 spell levels left.
You knew the following spells:

 Your Spells              Type           Power        Failure   Level  Hunger
a - Beastly Appendage     Tmut           ##....       14%         1    None
b - Spider Form           Tmut/Pois      #.........   52%         3    ###....
w - Sticks to Snakes      Tmut           ##......     21%         2    ##.....


Dungeon Overview and Level Annotations

Branches:
Dungeon (5/15)
 Temple: D:4-7

Altars:


Innate Abilities, Weirdness & Mutations

You cannot wear most types of armour.
You are very stealthy in the water. (Stealth+)
((You are amphibious.))
You can wear up to eight rings at the same time.
((You can use your tentacles to constrict eight enemies at once.))
((Your skin changes colour to match your surroundings (Stealth+).))
((Your rubbery body absorbs attacks. (AC +1, EV +1)))


Message History

You are too injured to fight recklessly!
Unknown command.
You feel much better.
The centaur shoots an arrow.
The arrow hits you! The centaur misses you. The centaur completely misses you.
The centaur shoots an arrow.
The arrow hits you. The centaur hits you.
The centaur unwields an uncursed shortbow.
The centaur completely misses you.
You hit the centaur.
The centaur is poisoned.
The centaur is moderately wounded.
The centaur misses you. x2; The centaur hits you.
* * * LOW HITPOINT WARNING * * *
You hit the centaur but do no damage.
The centaur looks as sick as possible!
The centaur is moderately wounded.
The centaur closely misses you. x2; The centaur hits you.
* * * LOW HITPOINT WARNING * * *
You completely miss the centaur.
The centaur is heavily wounded.
The centaur hits you.
You die...

.. .. #. .##. ...
## ##.######
...##..c....#
##....cs...>#
.......(....###?#
##..#..(...(....#
#. #..(..#(#####
#..#(##.#
#...<(..#
#......####
###...## #...


You could see 2 centaurs.

Vanquished Creatures
  2 scorpions (D:4)
  A hound (D:3)
  A bullfrog skeleton (D:4)
  A worker ant (D:4)
  A howler monkey skeleton (D:4)
  6 adders
  3 oozes
  3 worms
  A dart slug (D:1)
  8 leopard geckos
  5 orcs
  3 ball pythons
  9 bats
  4 giant cockroaches
  13 hobgoblins
  3 jackals (D:4)
  7 kobolds
  A quokka (D:2)
  5 frilled lizards
  8 goblins
  2 leopard gecko skeletons (D:4)
  A quokka zombie (D:3)
  9 rats
97 creatures vanquished.

Notes
Turn   | Place    | Note
-------+----------+-------------------------------------------
     0 | D:1      | bosm the Octopode Transmuter began the quest for the Orb.
     0 | D:1      | Reached XP level 1. HP: 13/13 MP: 3/3
   219 | D:1      | Reached XP level 2. HP: 13/18 MP: 3/5
   355 | D:1      | Learned a level 2 spell: Sticks to Snakes
   519 | D:1      | Reached XP level 3. HP: 23/23 MP: 6/6
   539 | D:1      | Learned a level 3 spell: Spider Form
  1379 | D:2      | Reached XP level 4. HP: 18/28 MP: 4/8
  2206 | D:3      | Reached XP level 5. HP: 30/33 MP: 5/9
  2214 | D:3      | Reached skill level 4 in Unarmed Combat
  3214 | D:4      | Reached XP level 6. HP: 33/39 MP: 4/11
  4222 | D:5      | Entered Level 5 of the Dungeon
  4494 | D:5      | Slain by a centaur

Skill      XL: |  1  2  3  4  5  6 |
---------------+-------------------+-----
Spellcasting   | 3 |  3.9
Transmutations | 3 |  3.7
Unarmed Combat | 4 |  4.5
Fighting       | 2 |  2.2
Dodging        | |  2.4

Action                   |  1- 3 |  4- 6 || total
-------------------------+-------+-------++-------
Melee: Unarmed           |    83 |   163 ||   246
       Constrict         |    24 |    18 ||    42
       Kick              |     8 |     3 ||    11
       Tentacles         |     9 |    11 ||    20
       Punch             |     1 |     2 ||     3
 Cast: Beastly Appendage |    14 |     4 ||    18
       Spider Form       |     2 |    20 ||    22
  Use: Scroll            |       |    11 ||    11
       Potion            |       |     5 ||     5
 Stab: Sleeping          |     4 |     4 ||     8
  Eat: Chunk             |     2 |    11 ||    13
Armor: Skin              |    11 |     5 ||    16
Dodge: Dodged            |    50 |   142 ||   192
